 Dungeon Crawl Stone Soup version 0.21-a0-513-gdcb3f5e (webtiles) character file.

542940 woodsnib the Conqueror (level 24, -17/224 HPs)
             Began as a Minotaur Berserker on Dec 1, 2017.
             Was a High Priest of Trog.
             Killed from afar by an ancient lich (75 damage)
             ... with a crystal spear
             ... on level 5 of the Realm of Zot.
             The game lasted 02:31:06 (47515 turns).

woodsnib the Conqueror (Minotaur Berserker)        Turns: 47515, Time: 02:31:06

Health: -17/224    AC: 48    Str: 26    XL:     24   Next: 80%
Magic:  17/17      EV: 27    Int:  4    God:    Trog [*****.]
Gold:   4172       SH:  0    Dex: 20    Spells: 23/23 levels left

rFire    + + .     SeeInvis .   n - +5 executioner's axe (vamp)
rCold    + + .     Gourm    +   (shield currently unavailable)
rNeg     . . .     Faith    .   F - +11 plate armour of Claustrophobia {rPois Regen+ Str-5}
rPois    +         Spirit   .   B - +2 hat
rElec    +         Reflect  .   Q - scarf {rC+ rF+}
rCorr    +         Harm     .   Y - +2 pair of gloves
MR       +....     Rnd*Tele +   Z - +2 pair of boots {Stlth+}
Stlth    ..........             I - amulet of the gourmand
HPRegen  0.87/turn              f - +5 ring of protection
MPRegen  0.15/turn              O - ring of resist corrosion

@: agile, about to teleport, resistant (expiring)
A: retaliatory headbutt, horns 2, blurry vision 1, frail 1, low mp 2, mutation
resistance 1, shaggy fur 1, strong 1, teleportitis 1, subdued magic 2, sturdy
frame 1
}: 3/15 runes: decaying, silver, gossamer
a: Berserk, Trog's Hand, Brothers in Arms, Burn Spellbooks, Renounce Religion


You were on level 5 of the Realm of Zot.
You worshipped Trog.
Trog was extremely pleased with you.
You were not hungry.

You visited 8 branches of the dungeon, and saw 46 of its levels.
You visited the Abyss 1 time.
You also visited: Sewer, Ossuary, Volcano and Wizlab.

You collected 5724 gold pieces.
You spent 1552 gold pieces at shops.

Inventory:

Hand Weapons
 n - a +5 vampiric executioner's axe (weapon)
 G - a +9 executioner's axe of electrocution
Armour
 e - a +1 cloak of invisibility
 v - a +2 plate armour of cold resistance
 A - +2 storm dragon scales
 B - a +2 hat (worn)
 F - the +11 plate armour of Claustrophobia (worn) {rPois Regen+ Str-5}
   (You found it on level 4 of the Depths)

   It affects your strength (-5).
   It protects you from poison.
   It increases your rate of regeneration.
 Q - a scarf of resistance (worn)
 Y - a +2 pair of gloves (worn)
 Z - a +2 pair of boots of stealth (worn)
Jewellery
 a - an uncursed ring of poison resistance
 f - a +5 ring of protection (left hand)
 i - a +1 ring of slaying
 q - the ring "Biast" {rF+ rC+}
   (You found it on level 4 of the Depths)

   [ring of protection from cold]

   It protects you from fire.
   It protects you from cold.
 w - a +4 ring of evasion
 H - an uncursed ring of protection from magic
 I - an amulet of the gourmand (around neck)
 O - a ring of resist corrosion (right hand)
 U - an uncursed ring of flight
 X - an uncursed ring of protection from cold
Wands
 N - a wand of digging (3)
 V - a wand of acid (38)
Scrolls
 b - 6 scrolls of blinking
 d - 23 scrolls of remove curse
 s - 3 scrolls of fear
 y - a scroll of brand weapon
 z - 10 scrolls of fog
 E - 20 scrolls of teleportation
 L - a scroll of silence
 M - 6 scrolls of magic mapping
 R - 2 scrolls of enchant armour
 S - a scroll of summoning
 T - 3 scrolls of identify
Potions
 j - 4 potions of cancellation
 k - 9 potions of curing
 l - 3 potions of resistance
 m - a potion of haste
 p - 6 potions of agility
 r - 10 potions of ambrosia
 t - 10 potions of berserk rage
 u - 7 potions of flight
 x - 6 potions of might
 C - 4 potions of brilliance
 J - a potion of mutation
 K - 5 potions of invisibility
 P - 4 potions of lignification
Comestibles
 c - 8 bread rations
 g - 25 royal jellies
 o - 25 meat rations
 D - 32 fruits


   Skills:
 O Level 27 Fighting
 + Level 26.6 Axes
 * Level 24.4 Armour
 + Level 19.3 Dodging


You had 23 spell levels left.
You didn't know any spells.

Dungeon Overview and Level Annotations

Branches:
Dungeon (15/15)            Temple (0/1) D:5            Lair (6/6) D:10
  Swamp (4/4) Lair:3       Spider (4/4) Lair:3        Slime (0/5) Lair:5
    Orc (2/2) D:9             Elf (0/3) Orc:2        Vaults (5/5) D:14
  Crypt (0/3) Vaults:2     Depths (5/5) D:15            Zot (5/5) Depths:5

Altars:
Elyvilon
Nemelex Xobeh
Ru
The Shining One
Beogh

Shops:
D:8 =   D:12 (   Orc:2 ![([   Vaults:4 %   Vaults:5 ?

Portals:
Hell: Depths:1 Depths:2 Depths:3 Depths:4 Depths:5
Abyss: Depths:1 Depths:2 Depths:4
Pandemonium: Depths:3
Ziggurat: Depths:3

Annotations:
Depths:5 Tiamat


Innate Abilities, Weirdness & Mutations

You reflexively headbutt those who attack you in melee.
You have a pair of horns on your head.
Scrolls take you a little longer to read.
You are frail. (-10% HP)
Your magical capacity is very low. (-20% MP)
You are somewhat resistant to further mutation.
You are covered in fur. (AC +1)
Your muscles are strong. (Str +2)
You are occasionally teleported next to monsters.
Your spells are easier to cast, but less powerful.
Your movements are slightly less encumbered by armour. (ER -2)


Message History

You headbutt the ancient lich, but do no damage.
The ancient lich is moderately damaged.
You hit the orb of fire. You miss the orb of fire.
You slash the red draconian annihilator!
The ancient lich gestures at you while chanting.
You barely resist.
The red draconian annihilator mumbles some strange words.
The red draconian annihilator blinks!
You hear a roar!
The ancient lich gestures at you while chanting.
You barely resist.
A moth of wrath comes into view.
You slash the ancient lich! You headbutt the ancient lich.
The ancient lich is heavily damaged.
You miss the orb of fire.
You hit the orb of fire but do no damage.
You hear a deafening roar!
The ancient lich points at you and mumbles some strange words.
The crystal spear hits you!
You die...

..........(.
▓▓...........
▓▓............
▓▓.............
▓.....^......y.
▓...^p..^......
▓...^..*......
▓....@*d.....
▓▓...§L......
▓▓[....##▓▓▓
##...........
##............
##....†^..q....
#..............
#.......^......
#..............


You could see 2 orbs of fire, a Killer Klown, an ancient lich, a purple
draconian, a red draconian annihilator and a moth of wrath.

Vanquished Creatures
  3 orbs of fire
  An ancient lich (Zot:5)
  Boris (twice) (Vaults:2 Depths:4)
  2 caustic shrikes
  8 golden dragons
  Jorgrun (Vaults:4)
  An electric golem (Zot:1)
  4 liches
  A Cloud Mage (WizLab)
  3 tentacled monstrosities
  2 Orb Guardians (Zot:5)
  3 titans
  Asterion (Depths:2)
  3 quicksilver dragons
  A tentacled starspawn (Abyss:3)
  4 sphinxes
  5 death cobs
  A thorn hunter (Swamp:4)
  4 shadow dragons
  6 storm dragons
  A revenant (Vaults:2)
  10 fire giants
  2 draconian monks (Depths:5)
  7 tengu reavers
  16 vault wardens
  2 draconian knights
  8 frost giants
  An iron dragon (Depths:3)
  A deep elf sorcerer (Vaults:3)
  An orc warlord (Orc:2)
  8 ghost moths
  Aizul (Vaults:1)
  2 draconian scorchers
  A draconian shifter (Zot:1)
  A ghost moth (shapeshifter) (Vaults:5)
  14 ironheart preservers
  An emperor scorpion (Spider:4)
  A spriggan defender (Depths:4)
  14 very ugly things
  18 stone giants
  A war gargoyle (Vaults:4)
  2 draconian annihilators
  An entropy weaver (shapeshifter) (Vaults:5)
  7 deep elf demonologists
  5 entropy weavers
  5 deep elf annihilators
  6 black draconians
  4 green draconians
  10 spark wasps
  2 white draconians
  7 red draconians
  7 yellow draconians
  4 blizzard demons (WizLab)
  6 purple draconians
  The ghost of porpoise the Spear-Bearer, a journeyman DsGl of Makhleb (Lair:4)
  10 fire dragons
  A crystal guardian (Vaults:4)
  8 ettins
  2 deep elf death magi (Depths:4)
  A merfolk impaler (Depths:4)
  A green death (Abyss:3)
  Josephine (Lair:5)
  2 small abominations (Vaults:5)
  3 deep elf high priests (Vaults:5)
  6 great orbs of eyes
  25 yaktaur captains
  8 ice dragons
  2 jiangshi (Depths:1)
  8 rakshasas
  6 spriggan air magi
  28 vault guards
  10 centaur warriors
  27 hydras
  6 ghost crabs
  A catoblepas (Lair:4)
  2 death knights
  8 ogre magi
  19 two-headed ogres
  8 alligators
  An alligator (shapeshifter) (D:15)
  A hell hog (Depths:2)
  5 tengu warriors
  12 deep troll earth magi
  9 deep troll shamans
  4 vampire magi
  3 dancing weapons
  6 orc high priests
  Urug (Lair:3)
  4 spriggan berserkers
  A shock serpent (WizLab)
  A wretched star (Abyss:3)
  5 deep elf knights
  3 shadow wraiths
  A sixfirhy (Abyss:3)
  2 fire crabs
  A salamander mystic (Depths:4)
  3 skeletal warriors (Vaults:2)
  A death drake (shapeshifter) (Vaults:1)
  3 unseen horrors
  23 deep trolls
  9 swamp dragons
  The ghost of Buffagor the Carver, a novice NaFi (D:6)
  3 spriggan druids
  5 flayed ghosts
  A shambling mangrove (Swamp:4)
  2 wizards
  9 glowing orange brains
  2 phantasmal warriors
  5 deep elf archers
  A sphinx zombie (Depths:3)
  7 ironbrand convokers
  A lindwurm (Lair:4)
  5 harpies (Vaults:3)
  3 necromancers
  12 orb spiders
  4 orc sorcerers
  16 orc knights
  11 oklob plants (Zot:3)
  32 wolf spiders
  A stone giant zombie (Vaults:2)
  47 ugly things
  3 salamanders
  A fire giant zombie (Depths:3)
  A wolf spider (shapeshifter) (Vaults:5)
  13 deep elf magi
  5 cyclopes
  3 manticores
  12 moths of wrath
  3 apocalypse crabs
  2 black mambas (shapeshifter)
  6 black mambas
  Maurice (D:13)
  16 vault sentinels
  2 torpor snails
  3 elephants (Lair:5)
  A fire giant skeleton (Depths:3)
  15 spiny frogs
  A spriggan skeleton (Depths:3)
  A smoke demon (Abyss:3)
  2 gargoyles
  18 demonic crawlers
  A kobold demonologist (D:13)
  7 komodo dragons
  2 rime drakes (Lair:6)
  2 freezing wraiths
  70 yaktaurs
  A komodo dragon (shapeshifter) (Vaults:4)
  2 efreet
  6 tengu conjurers
  27 jumping spiders
  10 trolls
  A jumping spider (shapeshifter) (Vaults:3)
  A queen bee (Depths:4)
  A redback zombie (D:15)
  A troll (shapeshifter) (Depths:3)
  4 tyrant leeches
  4 wind drakes (WizLab)
  22 hornets
  3 polar bears
  A raiju (shapeshifter) (Depths:1)
  33 blink frogs
  44 slime creatures
  Prince Ribbit (D:6)
  A frost giant simulacrum (Vaults:2)
  A meliai zombie (D:14)
  4 dream sheep (Lair:6)
  6 bog bodies
  2 spriggans (shapeshifter)
  5 hippogriffs
  3 starcursed masses (Abyss:3)
  A vampire (Abyss:3)
  19 air elementals
  2 shadows
  79 redbacks
  38 tarantellas
  23 spriggans
  Sigmund (D:4)
  5 wyverns
  A human (D:13)
  8 wraiths
  2 fire elementals (D:15)
  6 water elementals (Depths:4)
  A spriggan simulacrum (Depths:3)
  28 yaks
  4 hungry ghosts
  5 fire bats (Volcano)
  A chaos spawn (Abyss:3)
  5 steam dragons
  2 yaks (shapeshifter)
  A human (shapeshifter) (Vaults:4)
  10 vampire mosquitoes
  7 basilisks
  Menkaure (D:6)
  6 wargs
  16 swamp worms
  A soldier ant (D:13)
  11 insubstantial wisps
  A floating eye (Depths:5)
  16 hell hounds
  4 acid dragons
  6 water moccasins
  4 large abominations
  10 porcupines
  A meliai simulacrum (D:15)
  6 sky beasts
  15 swamp drakes
  7 black bears
  A hornet zombie (D:12)
  46 orc warriors
  2 eyes of draining (shapeshifter)
  An ice beast (shapeshifter) (Depths:1)
  An eye of draining (D:15)
  3 ice beasts
  A necrophage (D:13)
  21 ogres
  10 boggarts
  35 centaurs
  2 human zombies (Vaults:2)
  25 wolves
  4 phantoms
  2 human skeletons (Vaults:2)
  13 crocodiles
  6 big kobolds
  25 bullfrogs
  A wyvern zombie (D:9)
  9 scorpions
  An orc simulacrum (Vaults:2)
  26 killer bees
  5 wights (D:14)
  7 electric eels
  2 vampire bats (Lair:1)
  3 howler monkeys
  3 centaur zombies
  9 crimson imps
  A quasit (D:10)
  5 hounds
  6 jellies
  2 bullfrog skeletons
  A bullfrog zombie (D:13)
  22 orc priests
  6 centaur skeletons
  3 iguanas
  Natasha (thrice) (D:3)
  An iguana (shapeshifter) (Vaults:5)
  21 orc wizards
  12 worker ants
  A killer bee zombie (D:5)
  A big kobold zombie (Ossuary)
  6 ogre zombies (D:9)
  A hound skeleton (D:7)
  7 mummies
  Robin (D:4)
  A howler monkey zombie (D:7)
  14 adders
  3 gnolls (D:7)
  A river rat (Sewer)
  3 shadow imps
  3 oozes
  An adder skeleton (D:9)
  An adder zombie (D:10)
  4 worms
  2 dart slugs
  6 leopard geckos
  111 orcs
  3 giant cockroaches
  17 goblins
  12 hobgoblins
  21 jackals
  4 quokkas
  2 ball pythons
  15 bats
  6 frilled lizards
  A goblin skeleton (D:9)
  3 goblin zombies (D:9)
  A hobgoblin skeleton (D:9)
  6 hobgoblin zombies
  A jackal skeleton (D:4)
  44 kobolds
  An orc skeleton (D:9)
  9 orc zombies (D:9)
  A quokka skeleton (D:4)
  21 rats
  2 briar patches (Swamp:4)
  13 bushes (Zot:3)
  3 crawling corpses (Vaults:5)
  13 fungi
  14 plants
  A starspawn tentacle (Abyss:3)
2151 creatures vanquished.

Vanquished Creatures (collateral kills)
  2 ancient liches (Zot:5)
  Mennas (Depths:5)
  Saint Roka (Vaults:4)
  A caustic shrike (Depths:4)
  Arachne (Spider:2)
  Rupert (Lair:3)
  An Orb Guardian (Zot:5)
  A storm dragon (Zot:5)
  2 iron dragons
  A ghost moth (Spider:4)
  An orc warlord (Depths:4)
  2 ironheart preservers
  Azrael (Orc:2)
  A fire dragon (Depths:4)
  A yaktaur captain (Vaults:4)
  A great orb of eyes (Vaults:4)
  2 vault guards (Vaults:5)
  Harold (Orc:1)
  2 two-headed ogres
  A deep troll earth mage (Vaults:2)
  2 orc high priests (Orc:2)
  A wizard (Vaults:2)
  2 deep trolls
  7 orb spiders
  A deep elf archer (Depths:4)
  An orc knight (Orc:1)
  3 wolf spiders (Spider:4)
  3 orc sorcerers
  2 moths of wrath
  2 spiny frogs
  A yaktaur (Vaults:4)
  A komodo dragon (Lair:6)
  3 demonic crawlers
  3 jumping spiders
  A hornet (Spider:4)
  9 redbacks
  6 tarantellas
  2 fire elementals (Orc:2)
  A warg (Vaults:4)
  A water moccasin (Lair:6)
  2 hell hounds (Orc:2)
  9 orc warriors
  2 ogres
  A centaur (Vaults:2)
  3 orc wizards
  7 orc priests (Orc:2)
  6 orcs
  A briar patch (Swamp:4)
108 creatures vanquished.

Vanquished Creatures (others)
  The ghost of gameguard the Warrior, an adept OgHu of Jiyva (WizLab)
  A yaktaur captain (Depths:5)
  A spriggan air mage (Depths:5)
  A salamander (Depths:4)
  A spiny frog (shapeshifter) (Depths:5)
  An apocalypse crab (WizLab)
  A yaktaur (Depths:5)
  A hornet (Swamp:4)
  A blink frog (Swamp:3)
  A redback (Spider:4)
  An air elemental (WizLab)
  A tarantella (Spider:3)
  A boggart (Lair:6)
  2 killer bees (D:10)
  An orc (Orc:2)
  A kobold (D:13)
  10 fungi
  A lurking horror (Abyss:3)
  3 plants (Lair:6)
  3 starspawn tentacles (Abyss:3)
34 creatures vanquished.

Grand Total: 2293 creatures vanquished

Notes
Turn   | Place    | Note
-------+----------+-------------------------------------------
     0 | D:1      | woodsnib the Minotaur Berserker began the quest for the Orb.
     0 | D:1      | Reached XP level 1. HP: 19/19 MP: 0/0
    29 | D:1      | Reached XP level 2. HP: 26/27 MP: 1/1
   223 | D:1      | Reached XP level 3. HP: 32/33 MP: 2/2
   315 | D:1      | Reached skill level 4 in Fighting
   323 | D:1      | Reached ** piety under Trog
  1037 | D:2      | Reached XP level 4. HP: 40/40 MP: 3/3
  1200 | D:3      | Noticed Natasha
  1206 | D:3      | Killed Natasha
  1206 | D:3      | Reached skill level 5 in Axes
  1221 | D:3      | Reached *** piety under Trog
  1449 | D:3      | Reached XP level 5. HP: 47/47 MP: 4/4
  1496 | D:3      | Noticed Natasha
  1500 | D:3      | Killed Natasha
  1726 | D:3      | Noticed Natasha
  1736 | D:3      | Killed Natasha
  2032 | D:4      | Noticed Robin
  2048 | D:4      | Reached **** piety under Trog
  2048 | D:4      | Reached XP level 6. HP: 53/53 MP: 5/5
  2061 | D:4      | Killed Robin
  2133 | D:4      | Reached skill level 5 in Fighting
  2266 | D:4      | Noticed Sigmund
  2279 | D:4      | Killed Sigmund
  2279 | D:4      | Reached XP level 7. HP: 61/61 MP: 6/6
  2556 | D:4      | Found a glowing drain.
  2570 | Sewer    | Entered a sewer
  2665 | Sewer    | Reached skill level 5 in Armour
  2910 | Sewer    | Found a glowing silver altar of Zin.
  3136 | D:5      | Entered Level 5 of the Dungeon
  3280 | D:5      | Reached skill level 6 in Fighting
  3280 | D:5      | Reached skill level 5 in Dodging
  3280 | D:5      | Reached XP level 8. HP: 65/70 MP: 7/7
  3773 | D:5      | Found a staircase to the Ecumenical Temple.
  3847 | D:6      | Noticed a two-headed ogre
  3857 | D:6      | Killed a two-headed ogre
  4046 | D:6      | Reached skill level 7 in Fighting
  4054 | D:6      | Noticed Menkaure
  4065 | D:6      | Killed Menkaure
  4112 | D:6      | Noticed Prince Ribbit
  4119 | D:6      | Killed Prince Ribbit
  4119 | D:6      | Reached XP level 9. HP: 76/79 MP: 8/8
  4253 | D:6      | Noticed Buffagor's ghost (novice NaFi)
  4269 | D:6      | Killed Buffagor's ghost
  4269 | D:6      | Reached skill level 10 in Axes
  4879 | D:6      | Reached skill level 8 in Fighting
  5245 | D:7      | Found a sand-covered staircase.
  5256 | Ossuary  | Entered an ossuary
  5260 | Ossuary  | Reached ***** piety under Trog
  5303 | Ossuary  | Reached XP level 10. HP: 87/90 MP: 9/9
  6144 | D:8      | Found Tatiocs's Jewellery Shoppe.
  6404 | D:8      | Reached skill level 9 in Fighting
  6868 | D:9      | Found a white marble altar of Elyvilon.
  6955 | D:9      | Found a staircase to the Orcish Mines.
  6979 | D:9      | Received a gift from Trog
  7257 | D:9      | Noticed a gargoyle
  7262 | D:9      | Killed a gargoyle
  7718 | D:10     | Entered Level 10 of the Dungeon
  7811 | D:10     | Reached XP level 11. HP: 86/99 MP: 10/10
  7882 | D:10     | Found a staircase to the Lair.
  8011 | D:10     | Reached skill level 10 in Fighting
  8065 | D:10     | Received a gift from Trog
  8480 | Orc:1    | Entered Level 1 of the Orcish Mines
  8481 | Orc:1    | Found a roughly hewn altar of Beogh.
  8482 | Orc:1    | Noticed Harold
  8486 | Orc:1    | Killed Harold
  8706 | Orc:1    | Noticed an orc sorcerer
  8755 | Orc:1    | Killed an orc sorcerer
  8832 | Orc:1    | Noticed an orc knight
  8858 | Orc:1    | Killed an orc knight
  8858 | Orc:1    | Reached skill level 10 in Armour
  9194 | Orc:2    | Entered Level 2 of the Orcish Mines
  9251 | Orc:2    | Noticed a two-headed ogre
  9264 | Orc:2    | Killed a two-headed ogre
  9529 | Orc:2    | Noticed Azrael
  9535 | Orc:2    | Killed Azrael
  9537 | Orc:2    | Received a gift from Trog
  9732 | Orc:2    | Found a roughly hewn altar of Beogh.
  9795 | Orc:2    | Noticed an orc knight
  9810 | Orc:2    | Killed an orc knight
  9810 | Orc:2    | Reached skill level 11 in Fighting
  9867 | Orc:2    | Noticed an orc knight
  9867 | Orc:2    | Noticed an orc sorcerer
  9867 | Orc:2    | Noticed a two-headed ogre
  9873 | Orc:2    | Killed a two-headed ogre
  9879 | Orc:2    | Noticed a sun demon
  9882 | Orc:2    | Killed an orc sorcerer
  9882 | Orc:2    | Reached skill level 10 in Dodging
  9882 | Orc:2    | Reached XP level 12. HP: 110/110 MP: 11/11
  9926 | Orc:2    | Found Jyalec's Distillery.
  9940 | Orc:2    | Received a gift from Trog
  9954 | Orc:2    | Found Berux's Antique Armour Shop.
 10058 | Orc:2    | Noticed a two-headed ogre
 10066 | Orc:2    | Killed a two-headed ogre
 10159 | Orc:2    | Reached skill level 15 in Axes
 10256 | Orc:2    | Noticed an orc high priest
 10261 | Orc:2    | Killed an orc high priest
 10526 | Orc:2    | Found a staircase to the Elven Halls.
 10654 | Orc:2    | Noticed an orc high priest
 10658 | Orc:2    | Killed an orc high priest
 10662 | Orc:2    | Found Nevoetir's Armour Boutique.
 10663 | Orc:2    | Noticed an orc warlord
 10671 | Orc:2    | Killed an orc warlord
 10689 | Orc:2    | Found a roughly hewn altar of Beogh.
 10701 | Orc:2    | Noticed an orc high priest
 10707 | Orc:2    | Found Vetigoe's Weapon Shop.
 10710 | Orc:2    | Killed an orc high priest
 10774 | Orc:2    | Noticed an orc high priest
 10785 | Orc:2    | Killed an orc high priest
 10785 | Orc:2    | Reached skill level 12 in Fighting
 10889 | Orc:2    | Noticed an orc high priest
 10902 | Orc:2    | Killed an orc high priest
 11393 | D:8      | Bought an uncursed ring of poison resistance for 240 gold pieces
 11478 | Lair:1   | Entered Level 1 of the Lair of Beasts
 11766 | Lair:1   | Reached XP level 13. HP: 94/118 MP: 4/12
 12728 | Lair:3   | Received a gift from Trog
 12754 | Lair:3   | Noticed Rupert
 12783 | Lair:3   | Killed Rupert
 12969 | Lair:3   | Noticed Urug
 12985 | Lair:3   | Killed Urug
 13043 | Lair:3   | Found a hole to the Spider Nest.
 13170 | Lair:3   | Found a staircase to the Swamp.
 13761 | Lair:4   | Reached skill level 13 in Fighting
 13773 | Lair:4   | Noticed porpoise's ghost (journeyman DsGl)
 13799 | Lair:4   | Killed porpoise's ghost
 14342 | Lair:5   | Found a staircase to the Slime Pits.
 14610 | Lair:5   | Noticed Josephine
 14621 | Lair:5   | Killed Josephine
 14739 | Lair:5   | Reached XP level 14. HP: 126/129 MP: 13/13
 14746 | Lair:5   | Found a dark tunnel.
 14752 | Volcano  | Entered a volcano
 15197 | Lair:6   | Entered Level 6 of the Lair of Beasts
 15280 | Lair:6   | Reached ****** piety under Trog
 15539 | Lair:6   | Received a gift from Trog
 15738 | Lair:6   | Reached skill level 14 in Fighting
 15989 | Lair:6   | Gained mutation: You are agile. (Dex +2) [potion of mutation]
 15989 | Lair:6   | Gained mutation: You are robust. (+10% HP) [potion of mutation]
 17033 | D:12     | Found Parohama's Antique Weapon Shoppe.
 17066 | D:12     | Received a gift from Trog
 17690 | D:13     | Noticed Maurice
 17710 | D:13     | Reached XP level 15. HP: 138/152 MP: 14/14
 17719 | D:13     | Killed Maurice
 17882 | D:13     | Found a sparkling altar of Nemelex Xobeh.
 18465 | D:14     | Found a gate to the Vaults.
 18663 | D:14     | Reached skill level 15 in Fighting
 18676 | D:14     | Received a gift from Trog
 18846 | D:14     | Found a glowing golden altar of the Shining One.
 19373 | D:15     | Entered Level 15 of the Dungeon
 19535 | D:15     | Found a sacrificial altar of Ru.
 19626 | D:15     | Received a gift from Trog
 19940 | D:15     | Found a staircase to the Depths.
 19950 | D:15     | Noticed a storm dragon
 19950 | D:15     | an entropy weaver changed into a storm dragon
 19954 | D:15     | a storm dragon changed into a queen ant
 20539 | Swamp:1  | Entered Level 1 of the Swamp
 20778 | Swamp:1  | Reached skill level 16 in Fighting
 20994 | Swamp:1  | Reached XP level 16. HP: 137/166 MP: 15/15
 21857 | Swamp:2  | Received a gift from Trog
 23413 | Swamp:4  | Entered Level 4 of the Swamp
 23522 | Swamp:4  | Reached skill level 17 in Fighting
 23647 | Swamp:4  | Noticed a thorn hunter
 23647 | Swamp:4  | Received a gift from Trog
 23655 | Swamp:4  | Killed a thorn hunter
 24071 | Swamp:4  | Got a decaying rune of Zot
 24631 | Swamp:1  | Lost mutation: You are robust. (+10% HP) [potion of mutation]
 24631 | Swamp:1  | Lost mutation: You are agile. (Dex +2) [potion of mutation]
 24631 | Swamp:1  | Gained mutation: Your muscles are strong. (Str +2) [potion of mutation]
 24631 | Swamp:1  | Gained mutation: You are partially covered in large bone plates. (SH +4) [potion of mutation]
 24632 | Swamp:1  | Lost mutation: Your muscles are strong. (Str +2) [potion of mutation]
 24632 | Swamp:1  | Lost mutation: You are partially covered in large bone plates. (SH +4) [potion of mutation]
 24632 | Swamp:1  | Gained mutation: You occasionally shout uncontrollably at your foes. [potion of mutation]
 24632 | Swamp:1  | Gained mutation: Scrolls take you a little longer to read. [potion of mutation]
 24632 | Swamp:1  | Gained mutation: You are covered in fur. (AC +1) [potion of mutation]
 24840 | D:11     | Lost mutation: Scrolls take you a little longer to read. [potion of mutation]
 24840 | D:11     | Gained mutation: You are somewhat resistant to further mutation. [potion of mutation]
 25026 | Spider:1 | Entered Level 1 of the Spider Nest
 25052 | Spider:1 | Reached XP level 17. HP: 111/162 MP: 16/16
 25254 | Spider:1 | Received a gift from Trog
 25846 | Spider:2 | Noticed Arachne
 25866 | Spider:2 | Killed Arachne
 25866 | Spider:2 | Reached skill level 18 in Fighting
 26812 | Spider:3 | Received a gift from Trog
 27779 | Spider:4 | Entered Level 4 of the Spider Nest
 27888 | Spider:4 | Received a gift from Trog
 28516 | Spider:4 | Reached XP level 18. HP: 173/174 MP: 17/17
 28558 | Spider:4 | Reached skill level 19 in Fighting
 28917 | Spider:4 | Got a gossamer rune of Zot
 29006 | Spider:4 | Lost mutation: You are somewhat resistant to further mutation. [potion of mutation]
 29006 | Spider:4 | Lost mutation: You occasionally shout uncontrollably at your foes. [potion of mutation]
 29006 | Spider:4 | Gained mutation: You are somewhat resistant to further mutation. [potion of mutation]
 29006 | Spider:4 | Gained mutation: Your movements are slightly less encumbered by armour. (ER -2) [potion of mutation]
 29332 | Orc:2    | Bought a hat for 136 gold pieces
 29558 | Vaults:1 | Entered Level 1 of the Vaults
 29560 | Vaults:1 | Received a gift from Trog
 30306 | Vaults:1 | Received a gift from Trog
 30473 | Vaults:1 | Noticed Aizul
 30483 | Vaults:1 | Killed Aizul
 30685 | Vaults:1 | Reached skill level 20 in Fighting
 31162 | Vaults:2 | Received a gift from Trog
 31267 | Vaults:2 | Found a staircase to the Crypt.
 31284 | Vaults:2 | Noticed Boris
 31296 | Vaults:2 | Killed Boris
 31296 | Vaults:2 | Reached XP level 19. HP: 65/188 MP: 18/18
 31709 | Vaults:1 | Reached skill level 21 in Fighting
 31820 | Vaults:2 | Paralysed by a sphinx for 5 turns
 32778 | Vaults:2 | Received a gift from Trog
 33369 | Vaults:3 | Reached skill level 15 in Armour
 33986 | Vaults:3 | Reached skill level 22 in Fighting
 34007 | Vaults:3 | Cast into level 3 of the Abyss (a deep elf sorcerer)
 34111 | Abyss:3  | Received a gift from Trog
 34246 | Vaults:3 | Escaped the Abyss
 34676 | Vaults:3 | Reached XP level 20. HP: 198/202 MP: 19/19
 34735 | Vaults:3 | Received a gift from Trog
 35010 | Vaults:4 | Found Xuom's Food Boutique.
 35039 | Vaults:4 | Noticed Saint Roka
 35051 | Vaults:4 | Killed Saint Roka
 35193 | Vaults:4 | Identified a scroll of acquirement
 35398 | Vaults:4 | Found a magical portal.
 35556 | WizLab   | Entered The Chambers of the Cloud Mage
 35577 | WizLab   | Killed gameguard's ghost
 35829 | WizLab   | Reached skill level 23 in Fighting
 35835 | WizLab   | Received a gift from Trog
 35835 | WizLab   | Reached skill level 15 in Dodging
 36157 | WizLab   | Got a sparkling amethyst amulet
 36172 | WizLab   | Identified the amulet of Paofeite {Spirit Str-2 Dex+3 SInv} (You found it in a wizard's laboratory)
 36612 | Vaults:4 | Noticed Jorgrun
 36620 | Vaults:4 | Killed Jorgrun
 37343 | Depths:1 | Entered Level 1 of the Depths
 37389 | Depths:1 | Paralysed by a great orb of eyes for 3 turns
 37644 | Depths:1 | Paralysed by a great orb of eyes for 4 turns
 37698 | Depths:1 | Received a gift from Trog
 37874 | Depths:1 | Found a one-way gate to the infinite horrors of the Abyss.
 37942 | Depths:1 | Found a gateway to Hell.
 38071 | Depths:1 | Paralysed by a great orb of eyes for 7 turns
 38079 | Depths:1 | Received a gift from Trog
 38079 | Depths:1 | Reached XP level 21. HP: 156/212 MP: 11/20
 38545 | Depths:2 | Noticed Asterion
 38549 | Depths:2 | Killed Asterion
 38849 | Depths:2 | Noticed a caustic shrike
 38857 | Depths:2 | Killed a caustic shrike
 38857 | Depths:2 | Reached skill level 24 in Fighting
 39489 | Depths:3 | Found a one-way gate leading to the halls of Pandemonium.
 39530 | Depths:3 | Received a gift from Trog
 39542 | Depths:3 | Got a fine battleaxe {god gift}
 39597 | Depths:3 | Identified the +6 battleaxe "Woget" {chop, Str+2 Int+4 Stlth+} (Trog gifted it to you on level 3 of the Depths)
 39806 | Depths:3 | Found a gateway to a ziggurat.
 40456 | Depths:4 | Received a gift from Trog
 40556 | Depths:4 | Noticed Boris
 40573 | Depths:4 | Killed Boris
 40984 | Depths:4 | Found a runed door.
 41027 | Depths:4 | Noticed a golden dragon
 41122 | Depths:4 | Noticed a caustic shrike
 41140 | Depths:4 | Reached XP level 22. HP: 105/224 MP: 21/21
 41148 | Depths:4 | Killed a caustic shrike
 41520 | Depths:4 | Killed a golden dragon
 41520 | Depths:4 | Reached skill level 25 in Fighting
 41759 | Depths:4 | Got a shimmering ivory ring
 41761 | Depths:4 | Identified the ring "Biast" {rF+ rC+} (You found it on level 4 of the Depths)
 41865 | Depths:4 | Received a gift from Trog
 41929 | Depths:4 | Got a spiked plate armour
 41931 | Depths:4 | Identified the +11 plate armour of Claustrophobia {rPois Regen+ Str-5} (You found it on level 4 of the Depths)
 42184 | Depths:4 | Noticed a caustic shrike
 42189 | Depths:4 | Killed a caustic shrike
 42225 | Depths:5 | Entered Level 5 of the Depths
 42560 | Depths:5 | Got a twitching granite ring
 42580 | Depths:5 | Noticed Mennas
 42633 | Depths:5 | Killed Mennas
 42863 | Depths:5 | Found a gate to the Realm of Zot.
 42924 | Depths:5 | Received a gift from Trog
 42930 | Depths:5 | Noticed a golden dragon
 42962 | Depths:5 | Killed a golden dragon
 43567 | Vaults:5 | Entered Level 5 of the Vaults
 43585 | Vaults:5 | Reached skill level 26 in Fighting
 43588 | Vaults:5 | Reached XP level 23. HP: 236/236 MP: 22/22
 43732 | Vaults:5 | Found the +12 glaive of Prune {chop}
 43821 | Vaults:5 | Received a gift from Trog
 43850 | Vaults:5 | Identified the ring "Velogg" {*Tele rPois} (You took it off a spriggan air mage on level 5 of the Depths)
 44050 | Vaults:5 | Got a ring of the Octopus King
 44052 | Vaults:5 | Identified a ring of the Octopus King {MP+9 AC+1 EV+1 Str+1 Int+1 Dex+1} (You took it off a frost giant on level 5 of the Vaults)
 44608 | Vaults:5 | Found Cegymezonn's Magic Scroll Boutique.
 44619 | Vaults:5 | Bought a scroll of identify for 42 gold pieces
 44619 | Vaults:5 | Bought a scroll of identify for 42 gold pieces
 44619 | Vaults:5 | Bought a scroll of acquirement for 1092 gold pieces
 44627 | Vaults:5 | Got a silver rune of Zot
 44632 | Vaults:5 | Identified the +0 crystal plate armour of Vihuituoh {+Fly Dex+2} (You acquired it on level 5 of the Vaults)
 44669 | Vaults:5 | Reached skill level 27 in Fighting
 44792 | Vaults:5 | Got a scorched lead ring
 44794 | Vaults:5 | Identified the ring of Fedhas's Anger {Ice Str+4 Int+3} (You found it on level 5 of the Vaults)
 45315 | Zot:1    | Entered Level 1 of the Realm of Zot
 45341 | Zot:1    | Received a gift from Trog
 45400 | Zot:1    | Noticed Tiamat
 45624 | Zot:1    | Reached XP level 24. HP: 249/249 MP: 22/22
 46976 | Zot:4    | Noticed an orb of fire
 46977 | Zot:4    | Noticed an orb of fire
 46988 | Zot:4    | Killed an orb of fire
 46990 | Zot:4    | Gained mutation: You are frail. (-10% HP) [an orb of fire]
 47001 | Zot:4    | Gained mutation: Your magical capacity is low. (-10% MP) [an orb of fire]
 47013 | Zot:4    | Killed an orb of fire
 47377 | Zot:5    | Entered Level 5 of the Realm of Zot
 47379 | Zot:5    | Noticed an orb of fire
 47396 | Zot:5    | Gained mutation: You are occasionally teleported next to monsters. [an orb of fire]
 47398 | Zot:5    | Gained mutation: Scrolls take you a little longer to read. [an orb of fire]
 47401 | Zot:5    | Killed an orb of fire
 47427 | Zot:5    | Received a gift from Trog
 47455 | Zot:5    | Noticed an ancient lich
 47456 | Zot:5    | Noticed an ancient lich
 47460 | Zot:5    | Killed an ancient lich
 47463 | Zot:5    | Killed an ancient lich
 47480 | Zot:5    | Noticed an orb of fire
 47484 | Zot:5    | Noticed an ancient lich
 47492 | Zot:5    | Gained mutation: Your magical capacity is very low. (-20% MP) [an orb of fire]
 47495 | Zot:5    | Noticed an orb of fire
 47495 | Zot:5    | Killed an ancient lich
 47496 | Zot:5    | Noticed an ancient lich
 47498 | Zot:5    | Gained mutation: Your spells are a little easier to cast, but a little less powerful. [an orb of fire]
 47511 | Zot:5    | Gained mutation: Your muscles are strong. (Str +2) [an orb of fire]
 47512 | Zot:5    | Gained mutation: Your spells are easier to cast, but less powerful. [an orb of fire]
 47515 | Zot:5    | Killed from afar by an ancient lich

Vault maps used:
D:1:      giann_horns, minmay_circled_x
D:2:      kennysheep_generic_room_12
D:3:      uniq_natasha
D:4:      lightli_sewer_entry_pipes, uniq_sigmund, uniq_robin
D:5:      minmay_temple_entry_enclosed_plants, first_bread
D:6:      centaur_isle, uniq_prince_ribbit1, uniq_menkaure
D:7:      gup_ossuary_entry_pyramid, lemuel_old_faithful
D:8:      serial_shops, shop
D:9:      elyvilon_altar_4, zombieorc1_lemuel
D:10:     erik_lair_dragon
D:12:     serial_shops, nicolae_shop_overgrown_old_shop
D:13:     basic_altar, hangedman_stone_soup, uniq_maurice
D:14:     david_vaults_2, tso_altar
D:15:     hangedman_depths_entry_try_elsewhere_first, corexii_hall_statues_i,
          nicolae_ru_awakened_eye
Lair:1:   roderic_batcave
Lair:2:   nicolae_quartered_pool_super, serial_bayou_pond_a,
          guppyfry_lair_drakes
Lair:3:   swamp_mist_pool, spider_nest_entry_funnel_web, uniq_urug, uniq_rupert
Lair:5:   minmay_slime_entry_pillars, enter_volcano_3, uniq_josephine
Lair:6:   minmay_lair_end_enchanted_forest, minivault_24, grunt_megastairs_1
Swamp:1:  evilmike_swamp_ruin_house_6
Swamp:2:  serial_swamp_ruin, evilmike_swamp_ruin_house_3,
          evilmike_swamp_ruin_house_4, evilmike_swamp_ruin_rubble_2,
          nicolae_swamp_spriggan_camp
Swamp:3:  nicolae_swamp_trees_clearing, st_swamp_ruins_2
Swamp:4:  swamp
Spider:2: uniq_arachne
Spider:4: grunt_spider_rune_parallel, spider_trap
Orc:1:    basic_altar, uniq_harold
Orc:2:    pubby_orc_utopia, uniq_azrael
Vaults:1: v_misc_11, hangedman_vaults_corner_blocks,
          nicolae_vaults_ring_of_whatevers, vaults_room_hallway,
          nicolae_vaults_display_case, nicolae_vaults_windows_and_doors_thing,
          nicolae_vaults_alarming, nicolae_vaults_little_squares_4,
          hangedman_vaults_corner, vaults_dpeg_spiral, vaults_dpeg_encased_lava,
          v_misc_31, uniq_aizul
Vaults:2: hangedman_vaults_nodes, grunt_vaults_focal,
          nicolae_vaults_inception_corners, v_pattern_5,
          minmay_crypt_entry_simple_round, hangedman_vaults_stream,
          nicolae_vaults_big_ls, nicolae_vaults_network_quincunx, v_misc_14,
          nicolae_vaults_asterisk, ontoclasm_vaults_twist,
          vaults_room_semicircle, vaults_room_pools, uniq_boris
Vaults:3: nicolae_vaults_angled_halls, v_misc_17,
          nicolae_vaults_network_barrier, v_misc_10, v_misc_9, v_misc_28,
          vaults_room_semicircle, nicolae_vaults_hallways_thing,
          ontoclasm_vaults_pinch, vaults_dpeg_cross,
          nicolae_vaults_little_squares_6, v_misc_4, vaults_room_door_ring,
          vaults_room_pools
Vaults:4: vaults_standard_mumra_enter_the_diamond, nicolae_vaults_asterisk,
          st_more_cells, v_misc_22, vaults_dpeg_ring, vaults_room_corners,
          ontoclasm_vaults_gateway, serial_shops, shop,
          lightli_enter_wizlab_magi_temple, uniq_jorgrun, uniq_saint_roka
Vaults:5: serial_shops
Depths:1: hell_entry, abyss_entry, grunt_ministairs_10,
          kennysheep_decorative_pillar, kennysheep_dice
Depths:2: minmay_stepped, grunt_hell_horde, hangedman_decor_clover_reticule,
          abyss_entry, roderic_lattice_octagonal_star, uniq_asterion
Depths:3: minmay_distorted_concentric_squares, enter_ziggurat_f, pan_entry,
          hell_entry, grunt_decor_arrowhead
Depths:4: box_level_dp, abyss_entry, hell_entry, serial_shops, uniq_boris
Depths:5: grunt_zot_entry_pinwheel, hell_entry, minmay_parallelograms,
          uniq_mennas
Zot:1:    grunt_megastairs_3, uniq_tiamat
Zot:2:    kennysheep_room_grid
Zot:3:    grunt_zot_stairs_overgrown
Zot:4:    kennysheep_ambush_hall, lemuel_lake_of_fire
Zot:5:    st_stairs_8
Abyss:3:  evilmike_abyss_exit_3
Sewer:    sewer_kobolds
Ossuary:  ossuary_the_hunt_dpeg
Volcano:  volcano_caves
WizLab:   wizlab_cloud

Skill      XL: |  1  2  3  4  5  6  7  8  9 10 11 12 13 14 15 16 17 18 19 20 21 22 23 24 |
---------------+-------------------------------------------------------------------------+-----
Axes           | 4 5 6 7 9 11 12 14 16 17 19 21 23 24 26 | 26.6
Fighting       | 4 5 6 7 8 9 11 12 13 14 16 17 18 20 22 23 24 26 27 | 27.0
Armour         | 3 4 5 6 8 9 10 11 13 14 15 17 19 21 23 24 | 24.4
Dodging        | 3 4 5 6 7 8 10 11 12 13 14 15 16 17 18 19 | 19.3

Action                   |  1- 3 |  4- 6 |  7- 9 | 10-12 | 13-15 | 16-18 | 19-21 | 22-24 || total
-------------------------+-------+-------+-------+-------+-------+-------+-------+-------++-------
Melee: Hand axe          |    85 |   135 |   245 |       |       |       |       |       ||   465
       Headbutt          |    11 |    23 |    55 |   152 |   218 |   222 |   282 |   279 ||  1242
       War axe           |       |       |    39 |   492 |    33 |       |       |       ||   564
       Great sword       |       |       |       |    29 |       |       |       |       ||    29
       Battleaxe         |       |       |       |   155 |   500 |       |       |       ||   655
       Executioner's axe |       |       |       |       |   501 |   995 |  1092 |  1086 ||  3674
Throw: Javelin           |       |       |       |       |     1 |       |       |       ||     1
Invok: Berserk           |       |     2 |     4 |     5 |     6 |     8 |     2 |       ||    27
       Burn Spellbooks   |       |       |       |     3 |     2 |     4 |     4 |     5 ||    18
       Brothers in Arms  |       |       |       |     8 |     2 |    10 |    11 |    10 ||    41
Evoke: Wand              |       |       |       |       |       |       |     3 |       ||     3
  Use: Scroll            |       |     3 |    12 |     4 |    16 |    13 |    30 |    12 ||    90
       Potion            |       |       |     2 |     1 |     5 |    14 |     4 |    12 ||    38
 Stab: Confused          |       |       |       |     1 |       |     1 |       |       ||     2
       Distracted        |       |       |       |       |     2 |     1 |     2 |     5 ||    10
       Petrifying        |       |       |       |       |     1 |       |       |       ||     1
       Petrified         |       |       |       |       |     1 |       |       |       ||     1
       Held in net/web   |       |       |       |       |       |     1 |       |       ||     1
  Eat: Chunk             |       |    10 |     9 |    30 |    30 |    13 |     8 |     4 ||   104
       Royal jelly       |       |       |     1 |     1 |     1 |     1 |       |       ||     4
       Fruit             |       |       |       |     2 |     6 |     3 |     2 |       ||    13
       Bread ration      |       |       |       |       |       |     7 |     7 |     5 ||    19
Armor: Animal skin       |    11 |       |       |       |       |       |       |       ||    11
       Ring mail         |     9 |    56 |       |       |       |       |       |       ||    65
       Leather armour    |     6 |       |       |       |       |       |       |       ||     6
       Plate armour      |       |     3 |   206 |   296 |       |       |   479 |   927 ||  1911
       Chain mail        |       |       |       |    29 |   533 |   773 |   133 |       ||  1468
Dodge: Dodged            |    41 |    76 |   136 |   314 |   808 |   935 |   734 |   739 ||  3783
       Rpst.: Great sword |       |       |       |     5 |       |       |       |       ||     5

Table legend:
 A = Spawn XP
 B = Non-spawn XP
 C = Spawn XP percentage of total XP
 D = Spawn monster count
 E = Non-spawn monster count
 F = Spawn count percentage of total count
 G = Total turns spent on level
                    A         B        C        D         E        F      G
               +---------+---------+-------+---------+---------+-------+---------
         Total |    3058 | 1111643 |   0.3 |       5 |    2213 |   0.2 | 47515
               +---------+---------+-------+---------+---------+-------+---------
           D:1 |       0 |      64 |   0.0 |       0 |      35 |   0.0 |   730
           D:2 |       0 |      67 |   0.0 |       0 |      21 |   0.0 |   466
           D:3 |       0 |     179 |   0.0 |       0 |      31 |   0.0 |   783
           D:4 |       0 |     681 |   0.0 |       0 |      34 |   0.0 |   774
           D:5 |       0 |     406 |   0.0 |       0 |      13 |   0.0 |   665
           D:6 |       0 |    3089 |   0.0 |       0 |      19 |   0.0 |  1234
           D:7 |       0 |    1345 |   0.0 |       0 |      36 |   0.0 |   933
           D:8 |       0 |    1679 |   0.0 |       0 |      27 |   0.0 |   766
           D:9 |       0 |    2354 |   0.0 |       0 |      53 |   0.0 |  1126
          D:10 |       0 |    3120 |   0.0 |       0 |      39 |   0.0 |  1168
          D:11 |       0 |    4256 |   0.0 |       0 |      33 |   0.0 |   652
          D:12 |       0 |    3470 |   0.0 |       0 |      30 |   0.0 |   718
          D:13 |       0 |   11306 |   0.0 |       0 |      51 |   0.0 |   746
          D:14 |       0 |   13157 |   0.0 |       0 |      50 |   0.0 |  1186
          D:15 |       0 |   20911 |   0.0 |       0 |      51 |   0.0 |  1202
        Lair:1 |       0 |    3683 |   0.0 |       0 |      26 |   0.0 |   691
        Lair:2 |       0 |    2689 |   0.0 |       0 |      19 |   0.0 |   621
        Lair:3 |       0 |   10375 |   0.0 |       0 |      33 |   0.0 |  1319
        Lair:4 |       0 |    4492 |   0.0 |       0 |      14 |   0.0 |   774
        Lair:5 |       0 |   10220 |   0.0 |       0 |      33 |   0.0 |   816
        Lair:6 |       0 |   23760 |   0.0 |       0 |      90 |   0.0 |  1093
       Swamp:1 |       0 |   12783 |   0.0 |       0 |      37 |   0.0 |  1094
       Swamp:2 |       0 |    8225 |   0.0 |       0 |      22 |   0.0 |   907
       Swamp:3 |       0 |   13083 |   0.0 |       0 |      28 |   0.0 |  1310
       Swamp:4 |       0 |   28963 |   0.0 |       0 |      60 |   0.0 |   814
      Spider:1 |       0 |   20390 |   0.0 |       0 |      66 |   0.0 |   680
      Spider:2 |       0 |   17514 |   0.0 |       0 |      43 |   0.0 |   858
      Spider:3 |       0 |   22322 |   0.0 |       0 |      52 |   0.0 |  1034
      Spider:4 |       0 |   35340 |   0.0 |       0 |      95 |   0.0 |  1277
         Orc:1 |       0 |    2769 |   0.0 |       0 |      26 |   0.0 |   740
         Orc:2 |       0 |   19306 |   0.0 |       0 |     138 |   0.0 |  2163
      Vaults:1 |       0 |   56434 |   0.0 |       0 |     104 |   0.0 |  1880
      Vaults:2 |       0 |   62940 |   0.0 |       0 |      87 |   0.0 |  2029
      Vaults:3 |       0 |   45399 |   0.0 |       0 |      72 |   0.0 |  1539
      Vaults:4 |       0 |   53715 |   0.0 |       0 |      86 |   0.0 |  1540
      Vaults:5 |       0 |  142711 |   0.0 |       0 |     113 |   0.0 |  1457
      Depths:1 |       0 |   41506 |   0.0 |       0 |      49 |   0.0 |   795
      Depths:2 |       0 |   30011 |   0.0 |       0 |      31 |   0.0 |  1181
      Depths:3 |       0 |   38042 |   0.0 |       0 |      40 |   0.0 |   950
      Depths:4 |       0 |   92982 |   0.0 |       0 |     104 |   0.0 |  1882
      Depths:5 |       0 |   72886 |   0.0 |       0 |      73 |   0.0 |  1305
         Zot:1 |       0 |   52230 |   0.0 |       0 |      34 |   0.0 |   530
         Zot:2 |       0 |    2327 |   0.0 |       0 |       1 |   0.0 |    44
         Zot:3 |       0 |   14155 |   0.0 |       0 |      16 |   0.0 |   830
         Zot:4 |       0 |   24458 |   0.0 |       0 |       7 |   0.0 |   461
         Zot:5 |       0 |   49996 |   0.0 |       0 |      18 |   0.0 |   138
       Abyss:3 |    3058 |    9030 |  25.3 |       5 |      10 |  33.3 |   239
         Sewer |       0 |     124 |   0.0 |       0 |      10 |   0.0 |   383
       Ossuary |       0 |     183 |   0.0 |       0 |      10 |   0.0 |   154
       Volcano |       0 |    2646 |   0.0 |       0 |      12 |   0.0 |    93
        WizLab |       0 |   17870 |   0.0 |       0 |      31 |   0.0 |   745
               +---------+---------+-------+---------+---------+-------+---------
